 Dungeon Crawl Stone Soup version 0.27.1 (webtiles) character file.

Game seed: 688437852233364840

1 Descartes the Sneak (level 1, -7/11 HPs)
             Began as a Spriggan Delver on Aug 31, 2021.
             Mangled by a worm (10 damage)
             ... on level 4 of the Dungeon.
             The game lasted 00:00:34 (101 turns).

Descartes the Sneak (Spriggan Delver)                Turns: 101, Time: 00:00:34

Health: -7/11      AC:  2    Str:  8    XL:     1   Next: 16%
Magic:  2/2        EV: 17    Int: 11    God:
Gold:   7          SH:  0    Dex: 16    Spells: 0/0 levels left

rFire    . . .     SeeInvis +   a - +0 short sword
rCold    . . .     Faith    .   (shield restricted)
rNeg     . . .     Spirit   .   b - +0 robe
rPois    .         Reflect  .   (helmet restricted)
rElec    .         Harm     .   (no cloak)
rCorr    .         Rampage  .   (gloves unavailable)
Will     .....                  (boots unavailable)
Stlth    ++++......             (no amulet)
HPRegen  0.03/turn              (no ring)
MPRegen  0.08/turn              (no ring)

@: very quick
A: very small, no large weapons, unfitting armour, see invisible, speed 3
a: no special abilities


You were on level 4 of the Dungeon.
You visited 1 branch of the dungeon, and saw 2 of its levels.

You collected 7 gold pieces.

Inventory:

Hand Weapons
 a - a +0 short sword (weapon)
Armour
 b - a +0 robe (worn)
Wands
 g - a wand of digging (3)
Scrolls
 c - a scroll of fog
 d - a scroll of magic mapping
 e - a scroll of fear
 i - a scroll of amnesia {unknown}
 j - 3 scrolls of noise {unknown}
 k - a scroll of teleportation {unknown}
 l - a scroll of brand weapon {unknown}
 m - a scroll of identify {unknown}
Potions
 f - a potion of haste
 h - a potion of brilliance {unknown}


   Skills:
 - Level 2.4 Fighting
 + Level 2.2 Short Blades
 + Level 2.7 Dodging
 + Level 7.2 Stealth


You couldn't memorise any spells.
You didn't know any spells.
Your spell library was empty.

Dungeon Overview and Level Annotations

Branches:
Dungeon (5/15)
 Temple: D:4-7

Altars:


Innate Abilities, Weirdness & Mutations

You are very small and have problems with some larger weapons.
You are too small for most types of armour.
You have supernaturally acute eyesight. (SInv)
You cover ground extremely quickly. (Speed+++)


Message History

The worm is lightly wounded.
The worm closely misses you.
You hit the worm.
The worm is moderately wounded.
You hit the worm.
The worm is heavily wounded.
The worm bites you but does no damage.
You barely miss the worm.
The worm is heavily wounded.
The worm bites you but does no damage.
You hit the worm.
The worm is heavily wounded.
You barely miss the worm.
The worm is heavily wounded.
The worm closely misses you.
You hit the worm.
The worm is heavily wounded.
The worm closely misses you.
You hit the worm.
The worm is heavily wounded.
You hit the worm.
The worm is severely wounded.
The worm misses you.
You hit the worm but do no damage.
The worm is heavily wounded.
You barely miss the worm.
The worm is heavily wounded.
The worm bites you.
Ouch! That really hurt!
* * * LOW HITPOINT WARNING * * *
You hit the worm but do no damage.
The worm is heavily wounded.
The worm completely misses you.
You hit the worm.
The worm is severely wounded.
You barely miss the worm.
The worm is severely wounded.
The worm bites you!
Ouch! That really hurt!
You die...

.............
.............(.....#
...........#=......#
#..........#.......#
#..........#.......#
#..........#.......#
........................
.......@.........####...
......w..........##.....
.........$.......##.#.#.
#..................)....
#.........##.....#....#.
#.........######......#.
##...##.... #........
#... #..8.. #......#.
#### #....S# ##.....#.


You could see a worm.

Vanquished Creatures
  A hobgoblin (D:4)
1 creature vanquished.

Notes
Turn   | Place    | Note
-------+----------+-------------------------------------------
     0 | D:5      | Descartes the Spriggan Delver began the quest for the Orb.
     0 | D:5      | Reached XP level 1. HP: 11/11 MP: 2/2
    19 | D:5      | Noticed an iguana
   101 | D:4      | Mangled by a worm

Illustrated notes

Levels and vault maps discovered:
D:4:      minmay_wonky_spiral, layout_basic, grunt_ministairs_4,
          grunt_decor_mini_mirrors, kennysheep_generic_room_15
D:5:      layout_basic, nzn_wu_jian_contemplation, small_statue_intersection

Action                   || total
-------------------------++-------
Melee: Short sword       ||    24
 Stab: Sleeping          ||     1
Armor: Robe              ||     2
Dodge: Dodged            ||    10
